 Dungeon Crawl Stone Soup version 0.23-a0-629-gae4348f (webtiles) character file.

4417 galech the Cleaver (level 10, -3/77 HPs)
             Began as a Demonspawn Fighter on Dec 26, 2018.
             Was a High Priest of Okawaru.
             Slain by a yak (7 damage)
             ... on level 9 of the Dungeon.
             The game lasted 00:09:36 (7687 turns).

galech the Cleaver (Demonspawn Fighter)             Turns: 7687, Time: 00:09:37

Health: -3/77      AC: 11    Str: 18      XL:     10   Next: 14%
Magic:  10/10      EV:  8    Int:  9      God:    Okawaru [*****.]
Gold:   325        SH: 10    Dex: 12 (15) Spells: 9/9 levels left

rFire    . . .     SeeInvis .   a - +0 war axe
rCold    + . .     Gourm    .   c - +0 shield
rNeg     . . .     Faith    .   E - +0 chain mail
rPois    +         Spirit   .   (no helmet)
rElec    .         Reflect  .   m - scarf {cloud immunity}
rCorr    .         Harm     +   (no gloves)
MR       .....                  M - +0 pair of boots
Stlth    ..........             D - amulet of harm
HPRegen  0.22/turn              b - ring of poison resistance
MPRegen  0.12/turn              (no ring)

@: no status effects
A: hooves 2, cold resistance 1, sturdy frame 2
a: Heroism, Finesse, Renounce Religion


You were on level 9 of the Dungeon.
You worshipped Okawaru.
Okawaru was extremely pleased with you.
You were hungry.

You visited 1 branch of the dungeon, and saw 9 of its levels.

You collected 373 gold pieces.
You spent 48 gold pieces at shops.

Inventory:

Hand Weapons
 a - a +0 war axe (weapon)
Armour
 c - a +0 shield (worn)
 m - a scarf of cloud immunity (worn)
 E - a +0 chain mail (worn)
 F - a +2 cloak
 K - a scarf of repulsion
 M - a +0 pair of boots (worn)
Jewellery
 b - a ring of poison resistance (left hand)
 o - an uncursed ring of ice
 D - an amulet of harm (around neck)
Wands
 C - a wand of acid (5)
 G - a wand of polymorph (10)
 H - a wand of random effects (13)
 L - a wand of clouds (3)
 N - a wand of paralysis (7)
Scrolls
 e - 12 scrolls of remove curse
 g - 3 scrolls of teleportation
 i - 2 scrolls of magic mapping
 j - 2 scrolls of random uselessness
 n - a scroll of enchant weapon
 p - 3 scrolls of amnesia
 r - a scroll of silence {unknown}
 s - 4 scrolls of blinking
 t - 2 scrolls of immolation
 y - 2 scrolls of fog {unknown}
 B - a scroll of fear {unknown}
 I - a scroll of identify
 O - a scroll of noise {unknown}
Potions
 d - a potion of might
 h - 3 potions of curing
 k - a potion of invisibility {unknown}
 l - a potion of haste
 q - 4 potions of flight {unknown}
 u - 4 potions of resistance {unknown}
 v - 2 potions of agility {unknown}
 w - a potion of berserk rage {unknown}
 x - a potion of cancellation {unknown}
 z - 3 potions of degeneration {unknown}
 A - 2 potions of mutation {unknown}
Comestibles
 f - 17 rations
 J - 4 chunks of flesh


   Skills:
 + Level 6.4 Fighting
 + Level 9.2 Axes
 + Level 6.5 Armour
 + Level 3.0 Dodging
 + Level 1.5 Stealth
 + Level 5.7 Shields
 + Level 0.3 Invocations


You had 9 spell levels left.
You didn't know any spells.
Your spell library was empty.

Dungeon Overview and Level Annotations

Branches:
Dungeon (9/15)             Temple (0/1) D:5
   Lair: D:8-11         Orc: D:9-12

Altars:
Cheibriados
Elyvilon
Gozag
Hepliaklqana
Makhleb
Nemelex Xobeh
Okawaru
Qazlal
Ru
Sif Muna
Uskayaw
Xom

Shops:
D:6 *   D:7 !


Innate Abilities, Weirdness & Mutations

You have hoof-like feet.
Your flesh is cold resistant. (rC+)
Your movements are less encumbered by armour. (ER -4)


Message History

The yak gores you but does no damage.
You slash the yak!
You kill the yak!
Okawaru accepts your kill.
You can now speed up your combat.
Okawaru will gift you equipment as you gain piety.
You completely miss the yak. The yak barely misses you.
The yak gores you but does no damage.
You hit the yak.
The yak is lightly wounded.
The yak gores you but does no damage.
You hit the yak.
The yak is lightly wounded.
The yak gores you but does no damage.
You completely miss the yak.
The yak is lightly wounded.
You block the yak's attack.
You slash the yak!
The yak is heavily wounded.
The yak gores you.
You die...

#.........#
####.........#
#............#
.............#
#..........#
#.##<.# #....#
#.#Y## #.#@# #
#......#
..###### .###
#. #


You could see a yak.

Vanquished Creatures
  A two-headed ogre (D:8)
  A hippogriff (D:6)
  2 yaks (D:9)
  Eustachio (D:6)
  Edmund (D:6)
  A hornet zombie (D:8)
  2 orc warriors
  A black bear (D:8)
  2 ice beasts
  A phantom (D:7)
  5 ogres
  5 centaurs
  A crocodile (D:8)
  4 bullfrogs
  A scorpion (D:6)
  A howler monkey (D:5)
  2 crimson imps
  A bullfrog zombie (D:6)
  A quasit (D:8)
  A centaur zombie (D:5)
  3 orc priests
  4 hounds
  2 jellies (D:8)
  8 orc wizards
  Ijyb (D:5)
  Natasha (thrice) (D:3)
  2 iguanas
  5 worker ants
  A mummy (D:6)
  6 gnolls
  9 adders
  2 shadow imps
  3 oozes
  4 worms
  6 dart slugs
  6 leopard geckos
  19 orcs
  5 giant cockroaches
  6 hobgoblins
  7 jackals
  7 kobolds
  3 quokkas
  2 ball pythons
  10 bats
  5 frilled lizards
  8 goblins
  A jackal zombie (D:5)
  A leopard gecko skeleton (D:6)
  A leopard gecko zombie (D:6)
  11 rats
186 creatures vanquished.

Vanquished Creatures (others)
  A wyvern (D:6)
  A hound (D:6)
  A leopard gecko (D:6)
  A jackal (D:6)
  A quokka (D:6)
  A bush (D:7)
6 creatures vanquished.

Grand Total: 192 creatures vanquished

Notes
Turn   | Place    | Note
-------+----------+-------------------------------------------
     0 | D:1      | galech the Demonspawn Fighter began the quest for the Orb.
     0 | D:1      | Reached XP level 1. HP: 18/18 MP: 1/1
    22 | D:1      | Gained mutation: You have large cloven feet. [demonic
                  | ancestry]
    22 | D:1      | Reached XP level 2. HP: 24/24 MP: 2/2
    68 | D:1      | Reached skill level 2 in Axes
   207 | D:1      | Gained mutation: Your movements are slightly less
                  | encumbered by armour. (ER -2) [demonic ancestry]
   207 | D:1      | Reached XP level 3. HP: 19/29 MP: 3/3
   848 | D:2      | Gained mutation: Your movements are less encumbered by
                  | armour. (ER -4) [demonic ancestry]
   848 | D:2      | Reached XP level 4. HP: 34/35 MP: 4/4
   850 | D:2      | Found a hazy altar of Hepliaklqana.
   901 | D:2      | Reached skill level 3 in Axes
   953 | D:2      | You fall through a shaft!
  1211 | D:3      | Reached skill level 1 in Dodging
  1776 | D:3      | Noticed a centaur
  2140 | D:3      | Killed a centaur
  2140 | D:3      | Reached XP level 5. HP: 37/41 MP: 5/5
  2305 | D:2      | Found a hide-covered altar of Uskayaw.
  2305 | D:2      | Found an iron altar of Okawaru.
  2308 | D:2      | Found a burning altar of Makhleb.
  2316 | D:2      | Became a worshipper of Warmaster Okawaru
  2388 | D:3      | Noticed Natasha
  2391 | D:3      | Killed Natasha
  2391 | D:3      | Reached skill level 4 in Axes
  2455 | D:3      | Noticed Natasha
  2465 | D:3      | Killed Natasha
  2465 | D:3      | Reached XP level 6. HP: 36/47 MP: 6/6
  2563 | D:3      | Noticed Natasha
  2572 | D:3      | Killed Natasha
  3137 | D:4      | Found a white marble altar of Elyvilon.
  3206 | D:4      | Reached skill level 5 in Axes
  3421 | D:4      | Found a sacrificial altar of Ru.
  3450 | D:4      | Found a sparkling altar of Nemelex Xobeh.
  3499 | D:4      | Reached * piety under Okawaru
  3499 | D:4      | Gained mutation: You have hoof-like feet. [demonic
                  | ancestry]
  3499 | D:4      | Reached XP level 7. HP: 39/53 MP: 7/7
  3803 | D:5      | Entered Level 5 of the Dungeon
  3930 | D:5      | Reached skill level 1 in Stealth
  4294 | D:5      | Noticed Ijyb
  4300 | D:5      | Paralysed by Ijyb for 2 turns
  4308 | D:5      | Killed Ijyb
  4590 | D:5      | Found a staircase to the Ecumenical Temple.
  4737 | D:6      | Noticed Eustachio
  4750 | D:6      | Found an opulent altar of Gozag.
  4755 | D:6      | Killed a wyvern
  4763 | D:6      | Killed Eustachio
  4763 | D:6      | Reached ** piety under Okawaru
  4763 | D:6      | Reached skill level 6 in Axes
  4807 | D:6      | Found Gozag's Platinum Reserve.
  4839 | D:6      | Reached XP level 8. HP: 60/60 MP: 5/8
  5256 | D:6      | Found a shimmering altar of Xom.
  5355 | D:6      | Noticed Edmund
  5364 | D:6      | Killed Edmund
  5447 | D:6      | Noticed a hippogriff
  5456 | D:6      | Killed a hippogriff
  5456 | D:6      | Reached skill level 7 in Axes
  5589 | D:6      | Reached *** piety under Okawaru
  5589 | D:6      | Reached skill level 5 in Armour
  5625 | D:6      | Found a snail-covered altar of Cheibriados.
  5669 | D:6      | Found a deep blue altar of Sif Muna.
  5686 | D:6      | Reached skill level 5 in Fighting
  5718 | D:6      | Gained mutation: Your flesh is cold resistant. (rC+)
                  | [demonic ancestry]
  5718 | D:6      | Reached XP level 9. HP: 67/68 MP: 6/9
  6438 | D:7      | Found Kasirphi's Distillery.
  6448 | D:7      | Bought a potion of curing for 48 gold pieces
  6457 | D:7      | Found a stormy altar of Qazlal.
  6463 | D:7      | Reached skill level 8 in Axes
  6463 | D:7      | Reached skill level 5 in Shields
  7056 | D:8      | Reached **** piety under Okawaru
  7264 | D:8      | Noticed a two-headed ogre
  7274 | D:8      | Killed a two-headed ogre
  7364 | D:8      | Reached XP level 10. HP: 35/76 MP: 10/10
  7615 | D:8      | Reached skill level 9 in Axes
  7675 | D:9      | HP: 1/76 [yak (13)]
  7682 | D:9      | Reached ***** piety under Okawaru
  7687 | D:9      | Slain by a yak

Vault maps used:
D:1:      giann_bridges
D:2:      nicolae_overflow_crystal_walls, nicolae_overflow_hidden_temple,
          minmay_quadrilaterals
D:3:      minmay_skewed_foursquare, kennysheep_generic_room_14, uniq_natasha
D:4:      kennysheep_little_box, nemelex_xobeh_ov_fountains_minmay,
          first_ration, elyvilon_altar_1
D:5:      temple_hall, uniq_ijyb
D:6:      nicolae_gozag_zags_fifth_avenue, lemuel_round_altar, slow_altar_2,
          xom_confusion_cloud, uniq_edmund, uniq_eustachio
D:7:      kennysheep_mini_moat, serial_shops, nicolae_shop_crystal,
          kb_lookout_dungeons_type
D:8:      old_standard_altar
D:9:      bloody_trog, ashenzari_altar_1, grunt_livestock, lemuel_centaur_altar,
          uniq_psyche

Skill      XL: |  1  2  3  4  5  6  7  8  9 10 |
---------------+-------------------------------+-----
Axes           | 2 3 4 5 6 7 8 9 |  9.2
Shields        | 3 4 5 |  5.7
Armour         | 3 4 5 6 |  6.5
Dodging        | 1 2 3 |  3.0
Stealth        | 1 |  1.5
Fighting       | 4 5 6 |  6.4
Invocations    | |  0.3

Action                   |  1- 3 |  4- 6 |  7- 9 | 10-12 || total
-------------------------+-------+-------+-------+-------++-------
Melee: War axe           |    84 |   191 |   293 |    69 ||   637
       Kick              |    16 |    42 |    50 |       ||   108
Invok: Heroism           |       |       |     3 |     1 ||     4
  Use: Potion            |       |     2 |       |       ||     2
       Scroll            |       |       |     9 |       ||     9
  Eat: Chunk             |       |     8 |    13 |     1 ||    22
Armor: Scale mail        |    32 |    78 |    10 |       ||   120
       Chain mail        |       |       |   101 |    46 ||   147
Dodge: Dodged            |    21 |    68 |   114 |    37 ||   240
Block: Shield            |    33 |    96 |   143 |    42 ||   314

Table legend:
 A = Non-vault XP
 B = Vault XP
 C = Vault XP percentage of total XP
 D = Non-vault monster count
 E = Vault monster count
 F = Vault count percentage of total count
                 A         B        C        D         E       F
            +---------+---------+-------+---------+---------+-------
      Total |    5620 |     691 |  10.9 |     165 |      21 |  11.3
            +---------+---------+-------+---------+---------+-------
        D:1 |      74 |       0 |   0.0 |      28 |       0 |   0.0
        D:2 |      56 |      10 |  15.2 |      15 |       5 |  25.0
        D:3 |     249 |      46 |  15.6 |      27 |       7 |  20.6
        D:4 |     353 |       0 |   0.0 |      25 |       0 |   0.0
        D:5 |     363 |      36 |   9.0 |      12 |       1 |   7.7
        D:6 |    1212 |     493 |  28.9 |      20 |       7 |  25.9
        D:7 |     940 |     106 |  10.1 |      14 |       1 |   6.7
        D:8 |    1832 |       0 |   0.0 |      21 |       0 |   0.0
        D:9 |     541 |       0 |   0.0 |       3 |       0 |   0.0
            +---------+---------+-------+---------+---------+-------
